 Dungeon Crawl Stone Soup version 0.23.2-1-ga50397a (webtiles) character file.

Game seed: 5545281204506110387

100 aefrtyi the Conjurer (level 4, -5/25 HPs)
             Began as a Tengu Conjurer on June 1, 2019.
             Slain by an ogre
             ... wielding a +0 giant spiked club
              (21 damage)
             ... on level 3 of the Dungeon.
             The game lasted 00:10:46 (3244 turns).

aefrtyi the Conjurer (Tengu Conjurer)               Turns: 3244, Time: 00:10:47

Health: -5/25      AC:  4    Str:  8    XL:     4   Next: 73%
Magic:  6/9        EV: 12    Int: 17    God:
Gold:   135        SH:  0    Dex: 14    Spells: 6/9 levels left

rFire    + + .     SeeInvis .   k - +0 mace
rCold    + . .     Gourm    .   (no shield)
rNeg     . . .     Faith    .   g - +2 robe {rF+}
rPois    .         Spirit   .   (helmet restricted)
rElec    .         Reflect  .   t - scarf {rC+ rF+}
rCorr    .         Harm     .   (no gloves)
MR       .....                  (boots unavailable)
Stlth    ++........             (no amulet)
HPRegen  0.08/turn              (no ring)
MPRegen  0.11/turn              (no ring)

@: very slightly contaminated
A: beak, talons 3
a: no special abilities


You were on level 3 of the Dungeon.
You were not hungry.

You visited 1 branch of the dungeon, and saw 4 of its levels.

You collected 135 gold pieces.

Inventory:

Hand Weapons
 k - a +0 mace (weapon)
Armour
 a - a +0 leather armour of cold resistance
 g - a +2 robe of fire resistance (worn)
 n - a +0 cloak
 t - a scarf of resistance (worn)
Wands
 p - a wand of polymorph (16)
Scrolls
 e - 3 scrolls of identify {unknown}
 f - a scroll of remove curse {unknown}
 h - a scroll of random uselessness {unknown}
 j - a scroll of fog {unknown}
 l - a scroll of fear {unknown}
 m - a scroll of immolation {unknown}
 q - 2 scrolls of teleportation {unknown}
 u - 2 scrolls of magic mapping {unknown}
Potions
 b - a potion of heal wounds {unknown}
 d - 2 potions of curing {unknown}
 i - a potion of brilliance {unknown}
 o - 2 potions of berserk rage {unknown}
 r - a potion of agility {unknown}
 v - a potion of lignification {unknown}
 w - a potion of might {unknown}
Comestibles
 c - 6 rations


   Skills:
 + Level 1.6 Fighting
 - Level 2.1 Dodging
 + Level 2.8 Stealth
 * Level 3.1 Spellcasting
 + Level 5.8 Conjurations


You had 6 spell levels left.
You knew the following spells:

 Your Spells              Type           Power        Failure   Level  Hunger
a - Magic Dart            Conj           ###.         1%          1    None
b - Searing Ray           Conj           ###...       2%          2    ##.....

Your spell library contained the following spells:

 Spells                   Type           Power        Failure   Level  Hunger
 Dazzling Spray           Conj/Hex       ##....       16%         3    ###....
 Iskenderun's Mystic Bla  Conj           ###.....     16%         4    ####...
 Force Lance              Conj/Tloc      ##......     45%         4    ####...
 Fulminant Prism          Conj/Hex       ##........   45%         4    ####...


Dungeon Overview and Level Annotations

Branches:
Dungeon (4/15)
 Temple: D:4-7

Altars:
Wu Jian


Innate Abilities, Weirdness & Mutations

You have a beak for a mouth.
You have claws for feet.


Message History

Aiming: Magic Dart (safe; 1% risk of failure)
Press: ? - help, Shift-Dir - straight line, f/p - ogre
Aim: an ogre, wielding a +0 giant spiked club (lightly wounded)
The magic dart hits the ogre.
The ogre is moderately wounded.
Casting: Magic Dart (safe; 1% risk of failure)
Confirm with . or Enter, or press ? or * to list all spells.
Aiming: Magic Dart (safe; 1% risk of failure)
Press: ? - help, Shift-Dir - straight line, f/p - ogre
Aim: an ogre, wielding a +0 giant spiked club (moderately wounded)
You miscast Magic Dart.
You are very lightly contaminated with residual magic.
Nothing appears to happen.
The ogre hits you with a +0 giant spiked club!
You climb upwards.
There is a stone staircase leading down here.
The ogre closely misses you.
The ogre hits you with a +0 giant spiked club!!
Ouch! That really hurt!
You die...

#
#.#..##.#.............########)
#
#.#..#.........###.....(.......
#
#.#..#.###.###..###############
# #.#..#.#.....#.........#
###......#...(.#..######.#
.................## #.########
#####.#..#..>..#.# #........# #
#.#..#)....#.# ########.# #
#.#..###.###@# #.# #
#..........O.# #.#
#####.#...####.#.# #.#
....#.#..........# #.#
###.#.#....###.### #.#
...........# #.# #.#
......)..#####.# #.#
#####..........# #.#
###..####### #..


You could see an ogre.

Vanquished Creatures
  4 adders
  2 worms (D:3)
  2 dart slugs
  A leopard gecko (D:2)
  An orc (D:3)
  5 bats
  4 giant cockroaches
  4 goblins
  13 hobgoblins
  2 kobolds (D:3)
  2 ball pythons
  3 frilled lizards
  7 rats
50 creatures vanquished.

Notes
Turn   | Place    | Note
-------+----------+-------------------------------------------
     0 | D:1      | aefrtyi the Tengu Conjurer began the quest for the Orb.
     0 | D:1      | Reached XP level 1. HP: 10/10 MP: 4/4
   255 | D:1      | Reached XP level 2. HP: 16/16 MP: 3/6
   821 | D:2      | Reached XP level 3. HP: 10/20 MP: 0/7
   853 | D:2      | Reached skill level 1 in Fighting
  2153 | D:3      | Reached XP level 4. HP: 25/25 MP: 6/9
  2481 | D:3      | Learned a level 2 spell: Searing Ray
  2640 | D:3      | Found an ornate altar of the Wu Jian Council.
  3230 | D:4      | Noticed an ogre
  3244 | D:3      | Slain by an ogre

Skill      XL: |  1  2  3  4 |
---------------+-------------+-----
Fighting       | 1 |  1.6
Spellcasting   | 3 |  3.1
Dodging        | |  2.1
Stealth        | |  2.8
Conjurations   | |  5.8

Action                   |  1- 3 |  4- 6 || total
-------------------------+-------+-------++-------
Melee: Mace              |     6 |     2 ||     8
 Cast: Magic Dart        |    69 |    47 ||   116
       Searing Ray       |       |     2 ||     2
  Eat: Chunk             |     4 |     2 ||     6
       Ration            |       |     1 ||     1
Armor: Robe              |     6 |     2 ||     8
Dodge: Dodged            |    10 |     6 ||    16
